 Dungeon Crawl Stone Soup version 0.26-a0-631-ged93497179 (webtiles) character file.

Game seed: 695579972955806066

9 MrRokkomies the Sneak (level 1, -2/18 HPs)
             Began as a Demigod Delver on Sept 12, 2020.
             Slain by a big kobold
             ... wielding a +0 whip
              (5 damage)
             ... on level 5 of the Dungeon.
             The game lasted 00:01:18 (313 turns).

MrRokkomies the Sneak (Demigod Delver)               Turns: 313, Time: 00:01:18

Health: -2/18      AC:  3    Str: 15    XL:     1   Next: 86%
Magic:  3/3        EV: 11    Int: 14    God:
Gold:   34         SH:  4    Dex: 17    Spells: 0/0 levels left

rFire    . . .     SeeInvis .   a - +0 falchion
rCold    . . .     Faith    .   h - +0 buckler (curse)
rNeg     . . .     Spirit   .   b - +0 leather armour
rPois    .         Reflect  .   (no helmet)
rElec    .         Harm     .   (no cloak)
rCorr    .         Rampage  .   (no gloves)
MR       .....                  (no boots)
Stlth    +++.......             (no amulet)
HPRegen  0.06/turn              (no ring)
MPRegen  0.08/turn              (no ring)

@: hasted, very quick
A: high mp 1
a: no special abilities


You were on level 5 of the Dungeon.
You visited 1 branch of the dungeon, and saw 1 of its levels.

You collected 34 gold pieces.

Inventory:

Hand Weapons
 a - a +0 falchion (weapon)
Armour
 b - a +0 leather armour (worn)
 h - a cursed +0 buckler (worn)
Wands
 g - a wand of digging (3)
Scrolls
 c - a scroll of fog
 e - a scroll of fear


   Skills:
 + Level 2.8 Fighting
 + Level 1.8 Long Blades
 + Level 1.8 Dodging
 + Level 4.8 Stealth


You couldn't memorise any spells.
You didn't know any spells.
Your spell library was empty.

Dungeon Overview and Level Annotations

Branches:
Dungeon (5/15)             Temple (0/1) D:5

Annotations:
D:5 Dowan


Innate Abilities, Weirdness & Mutations

You have an increased reservoir of magic. (+10% MP)


Message History

You hit the big kobold but do no damage.
The big kobold is moderately wounded.
The big kobold hits you but does no damage.
You closely miss the big kobold.
The big kobold is moderately wounded.
The big kobold hits you with a +0 whip!
* * * LOW HITPOINT WARNING * * *
You closely miss the big kobold.
The big kobold is lightly wounded.
The big kobold barely misses you.
You hit the big kobold.
The big kobold is moderately wounded.
The big kobold barely misses you.
You riposte.
You closely miss the big kobold.
The big kobold is moderately wounded.
You barely miss the big kobold.
The big kobold is moderately wounded.
You hit the big kobold.
The big kobold is moderately wounded.
The big kobold hits you with a +0 whip.
You die...

#.#.#.#.#.........#
#.#.#.#.#.........#
#.#.#.#.#.........#
#####.#.#.#.#.........#
#.....#.#.#.#.........#
#.#####.#†#.#.........#
#.# #.#.#.#.........#
#.# #.#.#,#.........#
#.# #.#@#,#.........#
#.# #.#K#,#.........#
#.# #.#.#,#.........#
#.# #.#.#,######+####
#.# #.#.#,* #.# #.#
#.#.#.######.#
##.#####.#.#........#
#........#.####....##
##########.# #....#


You could see a big kobold.

Vanquished Creatures
  An adder (D:5)
1 creature vanquished.

Notes
Turn   | Place    | Note
-------+----------+-------------------------------------------
     0 | D:5      | MrRokkomies the Demigod Delver began the quest for the Orb.
     0 | D:5      | Reached XP level 1. HP: 18/18 MP: 3/3
     3 | D:5      | Noticed Dowan
   200 | D:5      | Found a bloodstained altar of Trog.
   287 | D:5      | Noticed a big kobold
   313 | D:5      | Slain by a big kobold

Illustrated notes

Levels and vault maps discovered:
D:5:      layout_basic, lemuel_doored_altar, minmay_temple_entry_poolview,
          bloody_trog, uniq_menkaure, uniq_duvessa

Action                   || total
-------------------------++-------
Melee: Falchion          ||    15
  Use: Scroll            ||     1
       Potion            ||     1
Armor: Leather armour    ||     2
Dodge: Dodged            ||     6
Block: Buckler           ||     2
       Rpst.: Falchion   ||     2

Table legend: (Time is in decaauts)
 A = Elapsed time spent in this place.
 B = Non-inter-level travel time spent in this place.
 C = Inter-level travel time spent in this place.
 D = Time resting spent in this place.
 E = Time spent auto-exploring this place.
 F = Levels seen in this place.
 G = Mean time per level.
                   A        B        C        D        E       F      G
               +--------+--------+--------+--------+--------+-----+--------+
         Total |    313 |    313 |      0 |      0 |    133 |   1 |  313.0 |
       Dungeon |    313 |    313 |      0 |      0 |    133 |   1 |  313.0 |
               +--------+--------+--------+--------+--------+-----+--------+

Top non-repeatable levels by time:
     D:5: 313 daAuts
